 Dungeon Crawl Stone Soup version 0.25-b1-37-g2669288c55 (webtiles) character file.

Game seed: 8763943957423619388

1988 Chiseanne the Slicer (level 9, -1/67 HPs)
             Began as a Gnoll Wanderer on June 4, 2020.
             Was an Initiate of Gozag.
             Slain by a vampire mosquito (12 damage)
             ... on level 7 of the Dungeon.
             The game lasted 00:22:01 (5991 turns).

Chiseanne the Slicer (Gnoll Wanderer)               Turns: 5991, Time: 00:22:01

Health: -1/67      AC:  8    Str: 18    XL:     9   Next: 21%
Magic:  14/14      EV: 14    Int: 14    God:    Gozag
Gold:   710        SH:  0    Dex: 18    Spells: 15/15 levels left

rFire    . . .     SeeInvis .   s - +0 falchion
rCold    . . .     Gourm    .   (no shield)
rNeg     . . .     Faith    .   y - +2 leather armour of Dishonour {Str+3}
rPois    .         Spirit   .   (no helmet)
rElec    .         Reflect  .   v - +0 cloak
rCorr    .         Harm     .   p - +0 pair of gloves
MR       .....                  (no boots)
Stlth    +++.......             n - amulet of magic regeneration
HPRegen  0.21/turn              (no ring)
MPRegen  0.39/turn              (no ring)

@: no status effects
A: distributed training, fangs 1, strong nose
a: Potion Petition, Call Merchant, Bribe Branch, Renounce Religion


You were on level 7 of the Dungeon.
You worshipped Gozag.
Gozag was pleased with you.
You were not hungry.

You visited 2 branches of the dungeon, and saw 8 of its levels.

You collected 762 gold pieces.
You paid 52 gold pieces to Gozag.

Inventory:

Hand Weapons
 a - a +3 dagger of venom
 s - a +0 falchion (weapon)
 w - a cursed -3 trident
 x - a +2 great sword
Missiles
 d - 98 bolts
 j - 49 arrows
 m - 29 sling bullets
 o - 50 poisoned darts (quivered)
 r - a throwing net
 z - 5 javelins
Armour
 p - a +0 pair of gloves (worn)
 t - a cursed +0 leather armour
 v - a +0 cloak (worn)
 y - the +2 leather armour of Dishonour (worn) {Str+3}
   (You found it on level 7 of the Dungeon)

   It affects your strength (+3).
 A - a +1 leather armour of magic resistance
Jewellery
 n - an amulet of magic regeneration (around neck)
Wands
 l - a wand of random effects (14)
Scrolls
 q - 3 scrolls of teleportation
Potions
 c - a potion of invisibility
 e - 2 potions of flight {unknown}
 g - 3 potions of curing
 h - a potion of mutation {unknown}
 i - a potion of berserk rage {unknown}
 k - 2 potions of heal wounds {unknown}
 u - 3 potions of lignification {unknown}
Miscellaneous
 b - a box of beasts
Comestibles
 f - 9 rations


   Skills:
 + Level 4.8 Fighting
 + Level 9.4 Short Blades
 + Level 3.9 Long Blades
 + Level 3.9 Axes
 + Level 3.9 Maces & Flails
 + Level 3.9 Polearms
 + Level 3.9 Staves
 + Level 3.9 Slings
 + Level 3.9 Bows
 + Level 3.9 Crossbows
 + Level 3.9 Throwing
 + Level 6.1 Armour
 + Level 3.9 Dodging
 + Level 4.6 Stealth
 + Level 4.8 Shields
 + Level 3.9 Unarmed Combat
 + Level 3.9 Spellcasting
 + Level 3.2 Conjurations
 + Level 3.2 Hexes
 + Level 3.2 Charms
 + Level 3.2 Summonings
 + Level 3.2 Necromancy
 + Level 3.2 Translocations
 + Level 3.2 Transmutations
 + Level 3.2 Fire Magic
 + Level 3.2 Ice Magic
 + Level 3.2 Air Magic
 + Level 3.2 Earth Magic
 + Level 3.2 Poison Magic
 + Level 4.3 Invocations
 + Level 4.8 Evocations


You had 15 spell levels left.
You didn't know any spells.
Your spell library contained the following spells:

 Spells                   Type           Power        Failure   Level  Hunger
 Magic Dart               Conj           ##..         6%          1    None
 Searing Ray              Conj           ##....       9%          2    ##.....
 Dazzling Flash           Conj/Hex       ##....       17%         3    ###....
 Fulminant Prism          Conj/Hex       ##........   50%         4    ####...
 Iskenderun's Mystic Bla  Conj/Tloc      ##......     50%         4    ####...


Dungeon Overview and Level Annotations

Branches:
Dungeon (7/15)             Temple (1/1) D:4

Altars:
Ashenzari
Cheibriados
Dithmenos
Elyvilon
Fedhas
Gozag
Hepliaklqana
Makhleb
Nemelex Xobeh
Okawaru
Qazlal
Ru
Trog
Uskayaw
Vehumet
Wu Jian
Yredelemnul
Zin


Innate Abilities, Weirdness & Mutations

Your experience applies equally to all skills.
You have very sharp teeth.
Your uncanny sense of smell can sniff out nearby items.


Message History

The vampire mosquito draws strength from your injuries!
You hit the vampire mosquito. Your bite misses the vampire mosquito.
The vampire mosquito is severely damaged.
The quokka closely misses you. The vampire mosquito bites you.
* * * LOW HITPOINT WARNING * * *
The vampire mosquito draws strength from your injuries!
The quokka closely misses you.
The vampire mosquito bites you but does no damage.
You hit the vampire mosquito. You bite the vampire mosquito.
The vampire mosquito is almost destroyed.
The vampire mosquito bites you but does no damage.
The quokka barely misses you.
You riposte.
You miss the quokka.
The quokka is heavily wounded.
The vampire mosquito closely misses you.
You hit the vampire mosquito but do no damage.
Your bite misses the vampire mosquito.
The vampire mosquito is almost destroyed.
The vampire mosquito bites you!
You die...
Your body crumbles into a pile of gold.

##### ###### #....
#....# #.....
#.##.#
#.....######.##.#
.........y@..##.###
.........r........#
...........>....#.#
#.....###########.#
#?.... #.# #(...
#.# ##### ##... #.#
#...# #.. ∆
#.###.#.# #..
#.....#.#


You could see a vampire mosquito and a quokka.

Vanquished Creatures
  Pikel (D:4)
  Eustachio (D:4)
  A water moccasin (D:6)
  A sky beast (D:6)
  An orc warrior (D:7)
  3 slaves (D:4)
  An ogre (D:7)
  4 killer bees (D:7)
  A scorpion (D:7)
  A wight (D:7)
  A crimson imp (D:6)
  2 hounds
  A jelly (D:6)
  An orc wizard (D:5)
  3 iguanas (D:4)
  5 worker ants
  A hound skeleton (D:4)
  10 gnolls
  2 howler monkey skeletons
  7 adders
  An adder skeleton (D:7)
  2 adder zombies
  2 worms
  A dart slug (D:3)
  2 leopard geckos
  16 orcs
  4 bats (D:1)
  6 giant cockroaches
  6 goblins
  5 hobgoblins
  4 jackals
  6 quokkas
  A ball python skeleton (D:4)
  A frilled lizard (D:1)
  A jackal skeleton (D:5)
  A kobold (D:3)
  2 rats (D:1)
109 creatures vanquished.

Vanquished Creatures (collateral kills)
  Blork the orc (D:5)
  Ijyb (D:4)
  An adder (D:4)
  A gnoll (D:5)
  A leopard gecko (D:4)
  4 jackals (D:5)
9 creatures vanquished.

Vanquished Creatures (others)
  A crimson imp (D:5)
  An adder (D:6)
  A plant (D:6)
3 creatures vanquished.

Grand Total: 121 creatures vanquished

Notes
Turn   | Place    | Note
-------+----------+-------------------------------------------
     0 | D:1      | Chiseanne the Gnoll Wanderer began the quest for the Orb.
     0 | D:1      | Chiseanne set off with the following items: a +0 falchion,
                  | a box of beasts, a +0 short sword, a +0 robe, a ration
     0 | D:1      | Reached XP level 1. HP: 17/17 MP: 2/2
   433 | D:1      | Reached XP level 2. HP: 22/23 MP: 3/3
   805 | D:2      | Reached XP level 3. HP: 17/28 MP: 4/4
  1174 | D:2      | Found a glowing silver altar of Zin.
  1176 | D:2      | Found a stormy altar of Qazlal.
  1327 | D:3      | Reached skill level 1 in Invocations
  1351 | D:3      | Reached skill level 1 in Long Blades
  1351 | D:3      | Reached skill level 1 in Axes
  1351 | D:3      | Reached skill level 1 in Maces & Flails
  1351 | D:3      | Reached skill level 1 in Polearms
  1351 | D:3      | Reached skill level 1 in Staves
  1351 | D:3      | Reached skill level 1 in Slings
  1351 | D:3      | Reached skill level 1 in Bows
  1351 | D:3      | Reached skill level 1 in Crossbows
  1351 | D:3      | Reached skill level 1 in Throwing
  1351 | D:3      | Reached skill level 1 in Dodging
  1351 | D:3      | Reached skill level 1 in Unarmed Combat
  1351 | D:3      | Reached skill level 1 in Spellcasting
  1376 | D:3      | Reached XP level 4. HP: 33/34 MP: 6/6
  1494 | D:4      | Found a staircase to the Ecumenical Temple.
  1503 | Temple   | Entered the Ecumenical Temple
  1699 | Temple   | Became a worshipper of Gozag Ym Sagoz the Greedy
  1867 | D:4      | Reached skill level 1 in Conjurations
  1867 | D:4      | Reached skill level 1 in Hexes
  1867 | D:4      | Reached skill level 1 in Charms
  1867 | D:4      | Reached skill level 1 in Summonings
  1867 | D:4      | Reached skill level 1 in Necromancy
  1867 | D:4      | Reached skill level 1 in Translocations
  1867 | D:4      | Reached skill level 1 in Transmutations
  1867 | D:4      | Reached skill level 1 in Fire Magic
  1867 | D:4      | Reached skill level 1 in Ice Magic
  1867 | D:4      | Reached skill level 1 in Air Magic
  1867 | D:4      | Reached skill level 1 in Earth Magic
  1867 | D:4      | Reached skill level 1 in Poison Magic
  2227 | D:4      | Reached XP level 5. HP: 40/40 MP: 7/7
  2427 | D:4      | Noticed Ijyb
  2440 | D:4      | Killed Ijyb
  2450 | D:4      | Reached XP level 6. HP: 16/47 MP: 8/8
  2723 | D:4      | Noticed Eustachio
  2747 | D:4      | Killed Eustachio
  2747 | D:4      | Reached skill level 5 in Armour
  2879 | D:4      | Found a white marble altar of Elyvilon.
  2964 | D:5      | Entered Level 5 of the Dungeon
  2964 | D:5      | Noticed Pikel
  2964 | D:5      | Noticed a slave
  2964 | D:5      | Noticed a slave
  2964 | D:5      | Noticed a slave
  2982 | D:5      | Noticed a slave
  2983 | D:5      | Noticed Blork the orc
  2999 | D:4      | Killed a slave
  3011 | D:4      | Killed a slave
  3126 | D:4      | Reached XP level 7. HP: 28/52 MP: 10/10
  3127 | D:4      | Killed Pikel
  3127 | D:4      | Reached skill level 9 in Short Blades
  3127 | D:4      | Reached XP level 8. HP: 33/60 MP: 10/12
  3452 | D:5      | Killed Blork the orc
  3955 | D:4      | Found a snail-covered altar of Cheibriados.
  4554 | D:6      | Found a basalt altar of Yredelemnul.
  5260 | D:7      | Reached XP level 9. HP: 45/66 MP: 14/14
  5880 | D:7      | Got a smoking leather armour
  5906 | D:7      | Identified the +2 leather armour of Dishonour {Str+3} (You
                  | found it on level 7 of the Dungeon)
  5991 | D:7      | Slain by a vampire mosquito

Illustrated notes

Levels and vault maps discovered:
D:1:      dpeg_arrival_fog, layout_loops_ring, minmay_3d_cube
D:2:      minmay_alternating_diamond, layout_basic,
          chequers_temple_overflow_statue_of_worship
D:3:      layout_loops_corners, first_ration, serial_glass, glass_columns_a,
          glass_columns_b, kennysheep_generic_room_4
D:4:      layout_basic, kennysheep_little_box, lemuel_round_altar,
          temple_fountains, uniq_eustachio, uniq_robin, uniq_ijyb
D:5:      layout_cave_pools, uniq_blork_the_orc, uniq_pikel
D:6:      layout_basic, basic_altar, serial_bayou_lagoon_a, st_stairs_10
D:7:      cheibrodos_fzero, layout_basic
Temple:   eino_temple_scatter_basement

Skill      XL: |  1  2  3  4  5  6  7  8  9 |
---------------+----------------------------+-----
Invocations    | 1 2 3 4 |  4.3
Long Blades    | 1 2 3 |  3.9
Axes           | 1 2 3 |  3.9
Maces & Flails | 1 2 3 |  3.9
Polearms       | 1 2 3 |  3.9
Staves         | 1 2 3 |  3.9
Slings         | 1 2 3 |  3.9
Bows           | 1 2 3 |  3.9
Crossbows      | 1 2 3 |  3.9
Throwing       | 1 2 3 |  3.9
Dodging        | 1 2 3 |  3.9
Unarmed Combat | 1 2 3 |  3.9
Spellcasting   | 1 2 3 |  3.9
Conjurations   | 1 2 3 |  3.2
Hexes          | 1 2 3 |  3.2
Charms         | 1 2 3 |  3.2
Summonings     | 1 2 3 |  3.2
Necromancy     | 1 2 3 |  3.2
Translocations | 1 2 3 |  3.2
Transmutations | 1 2 3 |  3.2
Fire Magic     | 1 2 3 |  3.2
Ice Magic      | 1 2 3 |  3.2
Air Magic      | 1 2 3 |  3.2
Earth Magic    | 1 2 3 |  3.2
Poison Magic   | 1 2 3 |  3.2
Fighting       | 3 4 |  4.8
Shields        | 3 4 |  4.8
Evocations     | 3 4 |  4.8
Armour         | 5 6 |  6.1
Stealth        | 3 4 |  4.6
Short Blades   | 9 |  9.4

Action                   |  1- 3 |  4- 6 |  7- 9 || total
-------------------------+-------+-------+-------++-------
Melee: Falchion          |    46 |    23 |    59 ||   128
       Bite              |     7 |    18 |    33 ||    58
       Dagger            |    38 |    98 |   176 ||   312
       Punch             |       |     1 |     2 ||     3
Throw: Dart              |       |     1 |    30 ||    31
Evoke: Box of beasts     |       |     1 |     1 ||     2
       Wand              |       |     2 |     9 ||    11
  Use: Scroll            |     3 |     2 |     9 ||    14
       Potion            |       |     1 |       ||     1
 Stab: Sleeping          |     7 |     5 |     1 ||    13
       Invisible         |       |     2 |       ||     2
       Distracted        |       |     1 |     1 ||     2
  Eat: Chunk             |     1 |     2 |       ||     3
       Ration            |       |     2 |     3 ||     5
Armor: Robe              |    15 |     3 |       ||    18
       Ring mail         |       |    23 |    49 ||    72
       Leather armour    |       |       |     7 ||     7
Dodge: Dodged            |    51 |    78 |   145 ||   274
       Rpst.: Falchion   |    10 |     5 |    20 ||    35
